 Dungeon Crawl Stone Soup version 0.17.0-18-gaab0e96 (webtiles) character file.

32189 JudasIscariot the Unseen (level 14, -8/86 HPs)
             Began as a Kobold Assassin on Nov 11, 2015.
             Was an Elder of Dithmenos.
             Killed from afar by a naga ritualist (23 damage)
             ... with a lance of force
             ... on level 5 of the Lair of Beasts.
             The game lasted 01:43:07 (18849 turns).

JudasIscariot the Unseen (Kobold Assassin)         Turns: 18849, Time: 01:43:07

Health: -8/86      AC:  9    Str: 11    XL:     14   Next: 1%
Magic:  19/19      EV: 44    Int: 13    God:    Dithmenos [****..]
Gold:   738        SH:  0    Dex: 30    Spells: 3 memorised, 14 levels left

rFire  . . .     SeeInvis .     c - +7 Spriggan's Knife {MR+ EV+4 Dex+4 Stlth+}
rCold  . . .     Clarity  .     L - +2 robe {Archmagi}
rNeg   . . .     SustAt   .     (shield restricted)
rPois  .         Gourm    .     h - +0 helmet
rElec  .         Spirit   .     D - +1 cloak
rCorr  .         Warding  .     q - +1 pair of gloves
rMut   +         Stasis   .     (no boots)
MR     ++...                    s - amulet of resist mutation (curse)
Stlth  ++++++++++               a - +1 ring of evasion
                                G - +4 ring of intelligence

@: agile, lethally poisoned (-8 -> -47), wreathed by umbra, very resistant to
hostile enchantments, uncannily stealthy
A: carnivore 3
a: Shadow Step, Renounce Religion


You were on level 5 of the Lair of Beasts.
You worshipped Dithmenos.
Dithmenos was greatly pleased with you.
You were very full.

You visited 4 branches of the dungeon, and saw 18 of its levels.
You also visited: Ossuary.

You collected 738 gold pieces.

Inventory:

Hand Weapons
 b - a +0 blowgun
 c - the +7 Spriggan's Knife (weapon) {MR+ EV+4 Dex+4 Stlth+}
   (You acquired it on level 10 of the Dungeon)

   It affects your evasion (+4).
   It affects your dexterity (+4).
   It affects your resistance to hostile enchantments.
   It makes you more stealthy.
Missiles
 e - 118 poisoned needles
 f - 2 curare-tipped needles
Armour
 h - a +0 helmet (worn)
 j - a +0 robe of resistance
 q - a +1 pair of gloves (worn)
 D - a +1 cloak (worn)
 L - a +2 robe of the Archmagi (worn)
Magical Staves
 N - an uncursed staff of power
Jewellery
 a - a +1 ring of evasion (right hand)
 o - an uncursed ring of protection from cold
 s - a cursed amulet of resist mutation (around neck)
 t - an uncursed ring of ice
 z - an uncursed ring of fire
 A - an uncursed ring of poison resistance
 G - a +4 ring of intelligence (left hand)
 R - an uncursed ring of protection from cold
Wands
 I - a wand of teleportation (5)
Scrolls
 m - 2 scrolls of immolation {unknown}
 p - 3 scrolls of enchant armour
 r - 2 scrolls of noise {unknown}
 v - 5 scrolls of remove curse
 y - 2 scrolls of fog {unknown}
 C - 6 scrolls of enchant weapon
 E - 2 scrolls of holy word
 T - a scroll of silence {unknown}
 U - a scroll of summoning {unknown}
 V - a scroll of amnesia {unknown}
 Y - 3 scrolls of identify
Potions
 x - a potion of brilliance
 F - 2 potions of ambrosia
 J - 2 potions of flight
 K - a potion of lignification
 M - a potion of magic
 S - a potion of berserk rage {unknown}
 X - 3 potions of beneficial mutation {unknown}
 Z - a potion of degeneration {unknown}
Books
 d - a book of Necromancy

   Spells                             Type                      Level
   a - Pain                           Necromancy                   1
   b - Animate Skeleton               Necromancy                   1
   c - Vampiric Draining              Necromancy                   3
   d - Regeneration                   Charms/Necromancy            3
   e - Animate Dead                   Necromancy                   4
   f - Control Undead                 Necromancy                   4
 i - a book of Debilitation

   Spells                             Type                      Level
   a - Corona                         Hexes                        1
   b - Slow                           Hexes                        2
   c - Gell's Gravitas                Hexes/Translocation          3
   d - Inner Flame                    Hexes/Fire                   3
   e - Cause Fear                     Hexes                        4
   f - Leda's Liquefaction            Hexes/Earth                  4
 u - a book of Clouds

   Spells                             Type                      Level
   a - Mephitic Cloud                 Conjuration/Poison/Air       3
   b - Conjure Flame                  Conjuration/Fire             3
   c - Poisonous Cloud                Conjuration/Poison/Air       6
   d - Freezing Cloud                 Conjuration/Ice/Air          6
   e - Ring of Flames                 Charms/Fire                  7
 B - a book of Air

   Spells                             Type                      Level
   a - Shock                          Conjuration/Air              1
   b - Swiftness                      Charms/Air                   2
   c - Repel Missiles                 Charms/Air                   2
   d - Static Discharge               Conjuration/Air              3
   e - Lightning Bolt                 Conjuration/Air              5
 H - an Akashic Record

   Spells                             Type                      Level
   a - Dispersal                      Translocation                6
   b - Malign Gateway                 Summoning/Translocation      7
   c - Disjunction                    Translocation                8
   d - Controlled Blink               Translocation                8
Comestibles
 g - 9 meat rations
 k - 10 royal jellies
 P - a slice of pizza
 Q - 5 beef jerkies


   Skills:
 * Level 9.4 Fighting
 - Level 11.0 Short Blades
 + Level 5.1 Throwing
 * Level 15.1 Dodging
 * Level 17.6 Stealth
 * Level 3.5 Spellcasting
 * Level 3.8 Necromancy
 + Level 0.4 Invocations


You had 14 spell levels left.
You knew the following spells:

 Your Spells              Type           Power        Failure   Level  Hunger
a - Pain                  Necr           ###.         6%          1    #......
b - Animate Skeleton      Necr           N/A          6%          1    #......
c - Animate Dead          Necr           N/A          50%         4    #####..


Dungeon Overview and Level Annotations

Branches:
Dungeon (10/15)            Temple (1/1) D:5            Lair (6/8) D:10
 Shoals (0/4) Lair:6        Snake (1/4) Lair:5
  Slime: Lair:6-8       Orc: D:9-12

Altars:
Ashenzari
Cheibriados
Dithmenos
Elyvilon
Fedhas
Gozag
Kikubaaqudgha
Makhleb
Nemelex Xobeh
Okawaru
Qazlal
Ru
Sif Muna
Trog
Vehumet
Xom
Yredelemnul
Zin
The Shining One

Annotations:
D:9 Rayvis's ghost, novice MiFi


Innate Abilities, Weirdness & Mutations

You are small and have problems with some larger weapons.
You are carnivorous and can eat meat at any time.


Message History

The naga ritualist's toxic aura wanes.
You climb upwards.
Welcome back to the Lair of Beasts!
* * * LOW HITPOINT WARNING * * *
You feel very sick.
There is a staircase to the Snake Pit here.
Drink which item? (? for menu, Esc to quit)
You feel agile all of a sudden.
* * * LOW HITPOINT WARNING * * *
You feel very sick.
The naga ritualist mumbles some strange words.
The naga ritualist begins to radiate toxic energy.
You hit the naga ritualist but do no damage.
The naga ritualist is lightly wounded.
* * * LOW HITPOINT WARNING * * *
You feel sick.
* * * LOW HITPOINT WARNING * * *
You are more poisoned.
The naga ritualist gestures at you while chanting.
The lance of force hits you!
You die...

.##.#....#.#.#...#........##..P##
####.#..####..###.........##.####
# #...## #..####.........#### #
## ##...# ##.# #...........####
.###.#.### #.#######..<..##.#.###
.P##.....#####.....###......#....
..........##.........##..)...)...
#...#..#..#...#.N.#...#.P..#.##..
###.##..#.....#.@.#.....#######..
##..##...#...#...#...### ##..
##...####.##.........#### ####.#.
P##.......####.....###..###.##.#.
.............#######.............
##.###..#.........P##....##...PP.
##..##P##.........####..##P...###
##..######..........#P..###....##
.#.### #<........#......##...P#


You could see a naga ritualist.

Vanquished Creatures
  Rupert (Lair:4)
  Josephine (D:10)
  3 hydras
  The ghost of Rayvis the Cleaver, a novice MiFi of Cheibriados (Lair:2)
  4 death yaks
  Urug (Lair:1)
  Nergalle (Lair:4)
  A lindwurm (Lair:5)
  A manticore (Lair:6)
  2 griffons
  3 elephants (Lair:5)
  8 spiny frogs
  3 fire drakes
  8 komodo dragons
  10 blink frogs
  Prince Ribbit (D:5)
  3 wraiths (D:10)
  Sigmund (D:2)
  8 hippogriffs
  12 yaks
  A basilisk (Lair:4)
  A steam dragon (D:10)
  Menkaure (D:4)
  18 wolves
  11 water moccasins
  5 nagas
  2 soldier ants (D:9)
  13 porcupines
  A spider (D:9)
  4 ogres
  A wasp (D:10)
  A sky beast (D:10)
  6 crocodiles
  A big kobold (D:8)
  6 giant frogs
  7 scorpions
  3 killer bees (D:7)
  5 wights (D:6)
  An electric eel (D:10)
  2 centaur zombies
  2 crimson imps
  2 jellies
  A giant frog skeleton (D:10)
  3 orc wizards
  2 iguanas
  2 orc priests (D:5)
  4 hounds
  7 worker ants
  Natasha (thrice) (D:2)
  14 hell rats (Lair:3)
  A hound skeleton (D:10)
  4 mummies (Ossuary)
  Robin (D:1)
  12 adders
  24 river rats
  5 gnolls
  5 shadow imps
  An ooze (D:4)
  3 worms
  16 orcs
  8 giant cockroaches
  7 hobgoblins
  7 jackals
  13 kobolds
  6 quokkas
  A ball python (D:4)
  7 bats
  4 giant geckos
  A giant gecko skeleton (D:6)
  7 giant newts
  18 goblins
  2 hobgoblin zombies (Ossuary)
  8 rats
364 creatures vanquished.

Vanquished Creatures (collateral kills)
  A blink frog (Lair:5)
  A basilisk (Lair:3)
  A hippogriff (Lair:5)
  A giant frog (Lair:6)
  3 river rats (Lair:6)
  A fungus (Lair:5)
8 creatures vanquished.

Vanquished Creatures (others)
  A blink frog (Lair:5)
  A giant cockroach (D:2)
  A rat (D:2)
  2 bushes (D:4)
  7 fungi
  13 plants
25 creatures vanquished.

Grand Total: 397 creatures vanquished

Notes
Turn   | Place    | Note
--------------------------------------------------------------
     0 | D:1      | JudasIscariot the Kobold Assassin began the quest for the Orb.
     0 | D:1      | Reached XP level 1. HP: 12/12 MP: 1/1
   219 | D:1      | Reached XP level 2. HP: 7/17 MP: 2/2
   630 | D:2      | Noticed Sigmund
   632 | D:2      | Killed Sigmund
   632 | D:2      | Reached skill level 7 in Stealth
   632 | D:2      | Reached XP level 3. HP: 22/22 MP: 3/3
   632 | D:2      | Reached XP level 4. HP: 27/27 MP: 4/4
   632 | D:2      | Reached XP level 5. HP: 32/32 MP: 5/5
   646 | D:2      | Noticed Natasha
   910 | D:2      | Killed Natasha
   910 | D:2      | Reached XP level 6. HP: 13/37 MP: 6/6
   943 | D:2      | Noticed Robin
  1030 | D:1      | Killed Robin
  1473 | D:2      | Found a faded altar to an unknown god.
  1499 | D:2      | Found a stormy altar of Qazlal.
  1502 | D:2      | Noticed Natasha
  1514 | D:2      | Killed Natasha
  2088 | D:2      | Noticed Natasha
  2092 | D:2      | Killed Natasha
  2262 | D:2      | Reached skill level 8 in Stealth
  2724 | D:3      | Reached XP level 7. HP: 41/41 MP: 7/7
  3685 | D:4      | Found a sand-covered staircase.
  3694 | Ossuary  | Entered an ossuary
  3709 | Ossuary  | HP: 1/41 [mummy (18)]
  4588 | D:4      | Reached skill level 9 in Stealth
  4961 | D:4      | Found a glowing golden altar of the Shining One.
  4994 | D:4      | Reached skill level 5 in Short Blades
  5041 | D:4      | Reached XP level 8. HP: 21/48 MP: 8/8
  5350 | D:4      | Reached skill level 5 in Dodging
  5479 | D:4      | Noticed Menkaure
  5499 | D:4      | Killed Menkaure
  5708 | D:5      | Entered Level 5 of the Dungeon
  5789 | D:5      | Found a blossoming altar of Fedhas.
  6001 | D:5      | Noticed Prince Ribbit
  6009 | D:5      | Killed Prince Ribbit
  6043 | D:5      | Found a staircase to the Ecumenical Temple.
  6071 | Temple   | Entered the Ecumenical Temple
  6226 | Temple   | Became a worshipper of Dithmenos the Shadowed
  6599 | D:5      | Reached skill level 10 in Stealth
  6900 | D:6      | Found a shattered altar of Ashenzari.
  7089 | D:6      | Reached XP level 9. HP: 50/52 MP: 9/9
  7397 | D:6      | Reached skill level 5 in Fighting
  7891 | D:7      | Found a basalt altar of Yredelemnul.
  7891 | D:7      | Found an ancient bone altar of Kikubaaqudgha.
  7895 | D:7      | Found a sacrificial altar of Ru.
  7960 | D:7      | Reached * piety under Dithmenos
  7987 | D:7      | You fall through a shaft for 2 floors!
  8021 | D:9      | Noticed Rayvis's ghost (novice MiFi)
  8178 | D:9      | Reached skill level 11 in Stealth
  8758 | D:8      | Noticed a moth of wrath
  8762 | D:8      | Found a bloodstained altar of Trog.
  8833 | D:8      | Found a glowing golden altar of the Shining One.
  9079 | D:8      | Found an opulent altar of Gozag.
  9094 | D:8      | You fall through a shaft for 2 floors!
  9094 | D:10     | Entered Level 10 of the Dungeon
  9129 | D:10     | Noticed Josephine
  9178 | D:10     | Killed Josephine
  9178 | D:10     | Reached skill level 12 in Stealth
  9178 | D:10     | Reached XP level 10. HP: 18/60 MP: 10/10
  9193 | D:10     | Reached skill level 13 in Stealth
  9657 | D:10     | Noticed a troll
  9677 | D:10     | Reached skill level 10 in Dodging
 10103 | D:10     | Identified a scroll of acquirement
 10222 | D:10     | Reached ** piety under Dithmenos
 10317 | D:10     | Found a staircase to the Lair.
 10445 | Lair:1   | Entered Level 1 of the Lair of Beasts
 10533 | Lair:1   | Reached XP level 11. HP: 66/66 MP: 11/11
 10560 | Lair:1   | Noticed a spiny frog
 10567 | Lair:1   | Killed a spiny frog
 10639 | Lair:1   | Reached skill level 14 in Stealth
 10665 | Lair:1   | Noticed a spiny frog
 10674 | Lair:1   | Killed a spiny frog
 10768 | Lair:1   | Noticed an eight-headed hydra
 11550 | Lair:1   | Reached skill level 15 in Stealth
 11974 | Lair:1   | Noticed Urug
 11979 | Lair:1   | Killed Urug
 12289 | Lair:2   | Noticed Rayvis's ghost (novice MiFi)
 12339 | Lair:2   | Killed Rayvis's ghost
 12470 | Lair:2   | Reached *** piety under Dithmenos
 13223 | Lair:2   | Reached XP level 12. HP: 71/73 MP: 12/12
 13520 | Lair:3   | Noticed a death yak
 13535 | Lair:3   | Noticed a death yak
 13535 | Lair:3   | Noticed a death yak
 13536 | Lair:3   | Noticed a death yak
 13623 | Lair:2   | Killed a death yak
 14046 | Lair:3   | Killed a death yak
 14301 | Lair:3   | Killed a death yak
 14301 | Lair:3   | Reached skill level 10 in Short Blades
 14350 | Lair:3   | Killed a death yak
 14442 | Lair:3   | Learned a level 1 spell: Pain
 14444 | Lair:3   | Learned a level 1 spell: Animate Skeleton
 14514 | Lair:3   | Learned a level 4 spell: Animate Dead
 14559 | Lair:3   | Found a blossoming altar of Fedhas.
 14798 | Lair:3   | Reached skill level 5 in Throwing
 14972 | Lair:3   | Reached **** piety under Dithmenos
 14972 | Lair:3   | Reached skill level 1 in Spellcasting
 15066 | Lair:3   | Reached skill level 1 in Necromancy
 15189 | Lair:4   | Noticed Nergalle
 15199 | Lair:4   | Killed Nergalle
 15199 | Lair:4   | Reached skill level 16 in Stealth
 15660 | Lair:4   | Found an ancient bone altar of Kikubaaqudgha.
 15686 | Lair:4   | Noticed Rupert
 15694 | Lair:4   | Killed Rupert
 15694 | Lair:4   | Reached XP level 13. HP: 79/79 MP: 10/15
 16526 | Lair:5   | Found a staircase to the Snake Pit.
 17916 | Lair:5   | Reached skill level 17 in Stealth
 18185 | Lair:6   | Found a staircase to the Shoals.
 18194 | Lair:6   | Reached skill level 15 in Dodging
 18447 | Lair:6   | Reached XP level 14. HP: 86/86 MP: 19/19
 18719 | Snake:1  | Entered Level 1 of the Snake Pit
 18849 | Lair:5   | Killed from afar by a naga ritualist

Action                   |  1- 3 |  4- 6 |  7- 9 | 10-12 | 13-15 || total
-------------------------+-------+-------+-------+-------+-------++-------
Melee: Dagger            |    59 |    62 |   631 |   111 |       ||   863
       Knife             |       |       |       |   751 |   399 ||  1150
 Fire: Blowgun           |       |    63 |    26 |    64 |     4 ||   157
 Cast: Animate Skeleton  |       |       |       |     7 |    11 ||    18
Invok: Shadow Step       |       |       |       |     1 |     3 ||     4
  Use: Scroll            |       |     4 |    13 |    16 |     4 ||    37
       Potion            |       |     1 |    14 |     5 |    10 ||    30
 Stab: Sleeping          |     2 |     6 |    37 |    25 |    29 ||    99
       Distracted        |       |     1 |     2 |    10 |     8 ||    21
       Invisible         |       |       |     1 |       |       ||     1
  Eat: Chunk             |     7 |     7 |    21 |    21 |     9 ||    65
